 Dungeon Crawl Stone Soup version 0.24.0-37-gcf1ca852f1 (webtiles) character file.

Game seed: 5344954673111712447, levelgen mode: deterministic

195 Gruesph the Magician (level 5, -4/28 HPs)
             Began as a Deep Elf Fire Elementalist on Nov 27, 2019.
             Slain by a hungry ghost (5 damage)
             ... on level 4 of the Dungeon.
             The game lasted 00:16:55 (3994 turns).

Gruesph the Magician (Deep Elf Fire Elementalist)   Turns: 3994, Time: 00:16:56

Health: -4/28      AC:  3    Str:  5    XL:     5   Next: 45%
Magic:  9/14       EV:  9    Int: 21    God:
Gold:   204        SH:  6    Dex: 15    Spells: 3/14 levels left

rFire    + . .     SeeInvis .   a - +1 dagger
rCold    x . .     Gourm    .   m - +0 shield (curse)
rNeg     . . .     Faith    .   l - +0 leather armour
rPois    +         Spirit   .   (no helmet)
rElec    .         Reflect  .   (no cloak)
rCorr    .         Harm     .   (no gloves)
MR       .....                  (no boots)
Stlth    ++........             s - amulet of rage
HPRegen  0.09/turn              g - ring of poison resistance
MPRegen  0.14/turn              h - ring of fire

@: very slightly contaminated
A: no striking features
a: Evoke Berserk Rage


You were on level 4 of the Dungeon.
You were not hungry.

You visited 1 branch of the dungeon, and saw 4 of its levels.

You collected 204 gold pieces.

Inventory:

Hand Weapons
 a - a +1 dagger (weapon)
 b - a +0 hunting sling
Missiles
 p - 103 stones (quivered)
Armour
 l - a +0 leather armour (worn)
 m - a cursed +0 shield (worn)
Jewellery
 g - a ring of poison resistance (left hand)
 h - a ring of fire (right hand)
 s - an amulet of rage (around neck)
Scrolls
 e - a scroll of fog
 i - a scroll of identify
 o - a scroll of teleportation
 q - a scroll of enchant weapon
Potions
 c - a potion of curing
 n - a potion of haste
Comestibles
 f - 4 rations


   Skills:
 - Level 2.4 Dodging
 - Level 2.4 Stealth
 + Level 5.0 Spellcasting
 + Level 3.3 Conjurations
 + Level 0.5 Translocations
 + Level 4.7 Fire Magic


You had 3 spell levels left.
You knew the following spells:

 Your Spells              Type           Power        Failure   Level  Hunger
a - Throw Flame           Conj/Fire      ####..       36%         2    None
b - Conjure Flame         Conj/Fire      ####....     58%         3    ##.....
c - Sticky Flame          Conj/Fire      ####....     94%         4    ####...
z - Blink                 Tloc           N/A          83%         2    None

Your spell library contained the following spells:

 Spells                   Type           Power        Failure   Level  Hunger
 Flame Tongue             Conj/Fire      ####.        24%         1    None
 Magic Dart               Conj           ###.         32%         1    None
 Inner Flame              Hex/Fire       ###.....     82%         3    ##.....
 Call Imp                 Summ           #.......     88%         2    None
 Slow                     Hex            #.......     88%         2    None
 Mephitic Cloud           Conj/Pois/Air  ##......     94%         3    ##.....
 Fireball                 Conj/Fire      ####......   100%        5    #####..


Dungeon Overview and Level Annotations

Branches:
Dungeon (4/15)
 Temple: D:4-7

Altars:
Fedhas
Kikubaaqudgha


Message History

The hungry ghost is heavily damaged.
You feel less wooden.
Your +0 leather armour unmelds from your body.
The hungry ghost hits you.
* * * LOW HITPOINT WARNING * * *
You are starving!
The hungry ghost closely misses you.
Really attack while wielding your +0 hunting sling? [Y]es or [N]o only, please.
Really attack while wielding your +0 hunting sling?
Okay, then.
a - a +1 dagger (weapon)
You eat one of the 5 rations.
That ration really hit the spot!
The hungry ghost hits you.
* * * LOW HITPOINT WARNING * * *
You feel a lot more hungry.
You hit the hungry ghost.
The hungry ghost is heavily damaged.
The hungry ghost hits you.
You die...

....# ....#
(.(........#
....#
...........##
....#
..........!.#
...##
............#
...#
............#
...#
............#
####
..$...W!...# .
.......@.# .#
........##
......#.# .
.....##.# .
..####..##
.... #
###....# ....#
##...##..#
..... ###..###
#..#
.....####...##
#...


You could see a hungry ghost.

Vanquished Creatures
  Jessica (D:2)
  An orc wizard (D:3)
  4 adders
  An ooze (D:4)
  3 worms (D:4)
  2 dart slugs
  3 leopard geckos
  10 orcs (D:3)
  A ball python (D:3)
  8 bats
  7 giant cockroaches
  7 goblins
  5 hobgoblins
  10 kobolds
  A quokka (D:3)
  3 frilled lizards
  10 rats
77 creatures vanquished.

Notes
Turn   | Place    | Note
-------+----------+-------------------------------------------
     0 | D:1      | Gruesph the Deep Elf Fire Elementalist began the quest for
                  | the Orb.
     0 | D:1      | Reached XP level 1. HP: 10/10 MP: 6/6
   137 | D:1      | Reached XP level 2. HP: 15/15 MP: 5/8
   694 | D:1      | Reached XP level 3. HP: 19/19 MP: 3/10
  1240 | D:2      | Noticed Jessica
  1252 | D:2      | Killed Jessica
  1252 | D:2      | Reached skill level 4 in Spellcasting
  1526 | D:2      | Reached XP level 4. HP: 24/24 MP: 9/12
  1708 | D:2      | Learned a level 3 spell: Conjure Flame
  1713 | D:2      | Learned a level 4 spell: Sticky Flame
  2724 | D:3      | Reached XP level 5. HP: 28/28 MP: 9/14
  2945 | D:3      | Learned a level 2 spell: Blink
  3393 | D:2      | Learned a level 2 spell: Throw Flame
  3510 | D:4      | Reached skill level 5 in Spellcasting
  3825 | D:4      | Found a blossoming altar of Fedhas.
  3826 | D:4      | Found an ancient bone altar of Kikubaaqudgha.
  3946 | D:4      | Noticed a hungry ghost
  3976 | D:4      | Paralysed by fainting for 11 turns
  3993 | D:4      | HP: 1/28 [hungry ghost (3)]
  3994 | D:4      | Slain by a hungry ghost

Levels and vault maps discovered:
D:1:      minmay_arrival_jagged, layout_basic, ebering_dispersal_statue_hall
D:2:      layout_rooms, first_ration, uniq_jessica
D:3:      layout_loops_ring, minmay_cupped
D:4:      layout_cave_pods, grunt_temple_overflow_growth_and_decay,
          ashenzari_conservatory_becter, gammafunk_temple_overflow_elements

Skill      XL: |  1  2  3  4  5 |
---------------+----------------+-----
Conjurations   | 2 3 |  3.3
Spellcasting   | 4 5 |  5.0
Fire Magic     | 4 |  4.7
Dodging        | |  2.4
Stealth        | |  2.4
Translocations | |  0.5

Action                   |  1- 3 |  4- 6 || total
-------------------------+-------+-------++-------
Melee: Hunting sling     |       |    19 ||    19
       Dagger            |       |     1 ||     1
 Fire: Hunting sling     |       |   109 ||   109
Throw: Stone             |     3 |    15 ||    18
 Cast: Flame Tongue      |    51 |    61 ||   112
       Conjure Flame     |       |     2 ||     2
       Throw Flame       |       |     9 ||     9
       Sticky Flame      |       |     1 ||     1
  Use: Scroll            |       |    12 ||    12
       Potion            |       |     1 ||     1
  Eat: Chunk             |     2 |     4 ||     6
       Ration            |       |     4 ||     4
Armor: Leather armour    |     4 |    12 ||    16
       Skin              |       |    29 ||    29
Dodge: Dodged            |     5 |    28 ||    33
Block: Shield            |       |    19 ||    19
